[Event "Titled Tuesday Blitz November 07 Early 2023"]
[White "Bauman_Guy"]
[Black "Gharibyan, Mamikon"]
[BlackFideId "13308300"]
[WhiteElo "2923"]
[BlackElo "2795"]
[Result "1-0"]
[Round "6"]
[TimeControl "180+1"]
[Date "2023.11.07"]
[WhiteClock "0:00:48"]
[BlackClock "0:01:01"]
[Board "9"]

1. e4 e5 2. Nf3 Nc6 3. Bb5 Nf6 4. O-O Nxe4 5. Re1 Nd6 6. a4 Be7 7. Nc3 O-O 8. d4 e4 9. Nxe4 Nxe4 10. Rxe4 a6 11. Bd3 d5 12. Re1 Nb4 13. Bf1 Bf5 14. c3 Nc2 15. Re5 Bg6 16. Ra2 Bf6 17. Re2 Re8 18. Rxc2 Bxc2 19. Qxc2 a5 20. Ra1 Qd6 21. g3 c6 22. Bf4 Qd7 23. h4 Qg4 24. Kg2 Re4 25. Nh2 Qh5 26. Bd3 Rxf4 27. gxf4 Qxh4 28. Qd2 g6 29. Re1 Bg7 30. Qe3 Bh6 31. Qg3 Qxf4 32. Ng4 Qxg3+ 33. Kxg3 Bg5 34. f4 Bd8 35. Re8+ Kg7 36. Kf3 f6 37. c4 Kf7 38. Rh8 Kg7 39. Re8 Kf7 40. Re2 h5 41. Ne3 dxc4 42. Nxc4 Bc7 43. Rg2 Rg8 44. Nxa5 Rg7 45. Nxb7 g5 46. fxg5 fxg5 47. Bf5 Kf6 48. Bh3 g4+ 49. Bxg4 hxg4+ 50. Rxg4 Rh7 51. Nc5 Rh3+ 52. Ke4 Rh2 53. b3 Re2+ 54. Kd3 Ra2 55. Re4 Kf5 56. Re6 Ba5 57. Rxc6 Rd2+ 58. Kc4 Bd8 59. b4 Bf6 60. Rxf6+ Kxf6 61. Ne4+ 1-0


[Site "https://www.chess.com"]

[Event "Titled Tuesday Blitz November 07 Early 2023"]
[White "Kozak, Antoni"]
[Black "Nihal Sarin"]
[WhiteFideId "21832030"]
[BlackFideId "25092340"]
[WhiteElo "2810"]
[BlackElo "3104"]
[Result "0-1"]
[Round "6"]
[TimeControl "180+1"]
[Date "2023.11.07"]
[WhiteClock "0:00:00"]
[BlackClock "0:01:25"]
[Board "10"]

1. e4 a6 2. Bc4 e6 3. Nc3 b5 4. Bb3 Bb7 5. d3 c5 6. Nf3 Nc6 7. O-O Nf6 8. Re1 Qc7 9. Bg5 Bd6 10. Bh4 Ng4 11. Bg3 Bxg3 12. hxg3 h5 13. Qe2 h4 14. Nd5 Qb8 15. Ne3 Nxe3 16. Qxe3 hxg3 17. Qxc5 gxf2+ 18. Kxf2 Qa7 19. Qxa7 Nxa7 20. Rh1 Ke7 21. c3 Nc6 22. Ke3 a5 23. Bc2 b4 24. Ba4 bxc3 25. bxc3 Na7 26. Ne5 d6 27. Nc4 Bc6 28. Bxc6 Nxc6 29. Rxh8 Rxh8 30. Rb1 Rd8 31. Rb6 Ne5 32. Nxe5 dxe5 33. Rb5 a4 34. Rxe5 Rb8 35. Ra5 Rb2 36. Rxa4 Rxg2 37. e5 g5 38. Ra7+ Kf8 39. a4 Rg3+ 40. Ke2 g4 41. a5 Rf3 42. a6 Rf5 43. d4 g3 44. Ra8+ Kg7 45. a7 Rf2+ 46. Ke3 Ra2 47. Rc8 g2 0-1


[Site "https://www.chess.com"]

[Event "Titled Tuesday Blitz November 07 Early 2023"]
[White "Zakhartsov, Vladimir"]
[Black "Le, Tuan Minh"]
[WhiteFideId "4145097"]
[BlackFideId "12401153"]
[WhiteElo "2828"]
[BlackElo "3074"]
[Result "1-0"]
[Round "6"]
[TimeControl "180+1"]
[Date "2023.11.07"]
[WhiteClock "0:00:38"]
[BlackClock "0:00:10"]
[Board "11"]

1. d4 d5 2. c4 c6 3. cxd5 cxd5 4. Bf4 Nf6 5. Nc3 Nc6 6. e3 a6 7. Bd3 Bg4 8. Nf3 e6 9. h3 Bxf3 10. Qxf3 Bd6 11. Bg5 Be7 12. O-O O-O 13. Rac1 Rc8 14. a3 h6 15. Bxf6 Bxf6 16. Na4 Qe7 17. Rc2 Rcd8 18. Rfc1 e5 19. dxe5 Nxe5 20. Qe2 g6 21. Nc5 Rfe8 22. b4 Bg7 23. Qd1 d4 24. e4 g5 25. Bf1 Ng6 26. g3 Bf8 27. Bg2 Rd6 28. Nd3 Red8 29. e5 Re6 30. f4 gxf4 31. gxf4 Nh4 32. Rc7 Rd7 33. Rxd7 Qxd7 34. Qg4+ Ng6 35. f5 h5 36. fxe6 1-0


[Site "https://www.chess.com"]

[Event "Titled Tuesday Blitz November 07 Early 2023"]
[White "Lobanov, Sergei"]
[Black "Paravyan, David"]
[WhiteFideId "24183750"]
[BlackFideId "4194985"]
[WhiteElo "2826"]
[BlackElo "3070"]
[Result "1-0"]
[Round "6"]
[TimeControl "180+1"]
[Date "2023.11.07"]
[WhiteClock "0:00:46"]
[BlackClock "0:00:19"]
[Board "12"]

1. d4 Nf6 2. c4 e6 3. Nc3 Bb4 4. e3 O-O 5. Bd3 d5 6. a3 Bxc3+ 7. bxc3 dxc4 8. Bxc4 c5 9. Ne2 Qc7 10. Bd3 Nc6 11. O-O e5 12. Ng3 Rd8 13. Bb2 Be6 14. f4 exd4 15. cxd4 b5 16. Nh5 Nxh5 17. Qxh5 g6 18. Qh6 Rd5 19. f5 gxf5 20. Rf3 Ne7 21. dxc5 Re5 22. Qf6 Ng6 23. Rg3 Qxc5 24. Bxe5 Kf8 25. Rxg6 hxg6 26. Qh8+ Ke7 27. Bf6+ Kd7 28. Qxa8 Bd5 29. Qd8+ Ke6 1-0


[Site "https://www.chess.com"]

[Event "Titled Tuesday Blitz November 07 Early 2023"]
[White "Pranesh M"]
[Black "Suyarov, Mukhammadzokhid"]
[WhiteFideId "35028600"]
[BlackFideId "14210495"]
[WhiteElo "3025"]
[BlackElo "2815"]
[Result "1/2-1/2"]
[Round "6"]
[TimeControl "180+1"]
[Date "2023.11.07"]
[WhiteClock "0:00:26"]
[BlackClock "0:00:05"]
[Board "13"]

1. e4 e6 2. d4 d5 3. Nd2 c5 4. Ngf3 cxd4 5. exd5 Qxd5 6. Bc4 Qd7 7. O-O Nc6 8. Nb3 Nf6 9. Qe2 Bd6 10. Rd1 O-O 11. Nbxd4 Nxd4 12. Rxd4 Qc7 13. Bg5 Be7 14. Rad1 b6 15. Bf4 Qc5 16. Be5 Bb7 17. b4 Bxf3 18. gxf3 Qc6 19. Bd3 Rad8 20. c3 Rxd4 21. Bxd4 g6 22. Re1 Nh5 23. Qe4 Qc7 24. Qg4 Bf6 25. Bxf6 Nxf6 26. Qc4 Qxc4 27. Bxc4 Rc8 28. Rxe6 Rxc4 29. Rxf6 Rxc3 30. Rd6 Rxf3 31. Rd2 Ra3 32. Kg2 Kg7 33. Rc2 h5 34. b5 Kf6 35. Rd2 Kf5 36. h4 f6 37. Re2 Ra4 38. Kg3 Rg4+ 39. Kh3 Rb4 40. Re7 Rxb5 41. Rxa7 Ra5 42. Rb7 Rxa2 43. Rxb6 Rxf2 44. Rb5+ Ke6 45. Rb6+ Kf7 46. Rb7+ Kg8 47. Kg3 Re2 48. Rb6 Kg7 49. Rb7+ Kh6 50. Rb6 Re3+ 51. Kg2 Re4 52. Kh3 Rf4 53. Kg3 Rf1 54. Kg2 Rf5 55. Kg3 Kg7 56. Rb7+ Kf8 57. Rb8+ Kg7 58. Rb7+ Kh6 59. Rb6 Rf1 60. Kg2 Rf4 61. Kg3 Rg4+ 62. Kh3 f5 63. Rb7 f4 64. Rf7 g5 65. hxg5+ Kxg5 66. Rg7+ Kf5 67. Rh7 Rg3+ 68. Kh2 Kg4 69. Rg7+ Kf3 70. Rh7 Rg2+ 71. Kh3 Ra2 72. Rxh5 Ra1 73. Kh2 Ra2+ 74. Kg1 Ra1+ 75. Kh2 Kf2 76. Rb5 Ra2 77. Kh3 f3 78. Rb7 Re2 79. Rb4 Kf1 80. Kg3 f2 81. Kf3 Re8 82. Rb1+ Re1 83. Rb2 Kg1 84. Rxf2 Rf1 85. Rxf1+ Kxf1 1/2-1/2


[Site "https://www.chess.com"]

[Event "Titled Tuesday Blitz November 07 Early 2023"]
[White "Tsydypov, Zhamsaran"]
[Black "Szpar, Milosz"]
[WhiteFideId "4108566"]
[BlackFideId "1184989"]
[WhiteElo "3018"]
[BlackElo "2811"]
[Result "1-0"]
[Round "6"]
[TimeControl "180+1"]
[Date "2023.11.07"]
[WhiteClock "0:01:24"]
[BlackClock "0:00:04"]
[Board "14"]

1. d4 d5 2. c4 c6 3. Nf3 Nf6 4. Nc3 dxc4 5. a4 Bf5 6. Ne5 Nbd7 7. Nxc4 Nb6 8. Ne5 a5 9. h4 h6 10. f3 Nfd7 11. e4 Nxe5 12. exf5 Ned7 13. Bf4 Nf6 14. Be5 Nbd5 15. Qb3 Nb4 16. Bc4 Nfd5 17. Nxd5 cxd5 18. Qxb4 axb4 19. Bb5+ Qd7 20. Bxd7+ Kxd7 21. Rc1 f6 22. Rc7+ Ke8 23. Bg3 Rxa4 24. Kd2 h5 25. Re1 Kf7 26. Bd6 b3 27. Kd3 Rc4 28. Rxb7 Kg8 29. Bxe7 Kh7 30. Bxf6 Rg8 31. Re8 Rc2 32. Rxb3 gxf6 33. Kxc2 Rxg2+ 34. Kd3 Bg7 35. Rb7 Rg3 36. Ree7 Rxf3+ 37. Kc2 Rg3 38. b4 Kh6 39. b5 Bf8 40. Rh7# 1-0


[Site "https://www.chess.com"]

[Event "Titled Tuesday Blitz November 07 Early 2023"]
[White "Xiong, Jeffery"]
[Black "Sokolovsky, Yahli"]
[WhiteFideId "2047640"]
[BlackFideId "2820242"]
[WhiteElo "3005"]
[BlackElo "2803"]
[Result "1-0"]
[Round "6"]
[TimeControl "180+1"]
[Date "2023.11.07"]
[WhiteClock "0:01:43"]
[BlackClock "0:00:01"]
[Board "15"]

1. e4 d6 2. d4 g6 3. Nf3 Bg7 4. Be3 a6 5. c4 c5 6. Nc3 Qa5 7. Rc1 Bg4 8. d5 Nd7 9. Be2 Bxc3+ 10. Rxc3 Qxa2 11. Qc1 Qa5 12. O-O Ngf6 13. Bh6 Nxe4 14. Re3 Bxf3 15. Bxf3 Nd2 16. Rfe1 Nxf3+ 17. gxf3 O-O-O 18. Rxe7 Ne5 19. Re3 Rhe8 20. Bg5 Rxe7 21. Bxe7 Re8 22. Bxd6 Nxf3+ 23. Kg2 Nh4+ 24. Kh3 Rxe3+ 25. Qxe3 Qd8 26. Be7 Qd7+ 27. Kxh4 Qf5 28. Qxc5+ Kd7 29. Qd6+ 1-0


[Site "https://www.chess.com"]

[Event "Titled Tuesday Blitz November 07 Early 2023"]
[White "Klimkowski, Jan"]
[Black "Ibarra Jerez, Jose Carlos"]
[WhiteFideId "21856222"]
[BlackFideId "2226332"]
[WhiteElo "2799"]
[BlackElo "2993"]
[Result "1-0"]
[Round "6"]
[TimeControl "180+1"]
[Date "2023.11.07"]
[WhiteClock "0:00:09"]
[BlackClock "0:00:00"]
[Board "16"]

1. e4 c5 2. Nf3 Nc6 3. Bb5 e6 4. O-O Nge7 5. Re1 Nd4 6. Nxd4 cxd4 7. c3 a6 8. Bf1 Nc6 9. Na3 Be7 10. Nc2 d5 11. exd5 Qxd5 12. g3 O-O 13. Bg2 Qd7 14. Bxc6 bxc6 15. Nxd4 c5 16. Nf3 Bb7 17. d4 cxd4 18. Nxd4 Rfd8 19. Qe2 Bc5 20. Be3 e5 21. Nf3 Bd6 22. Nd2 f5 23. f3 h6 24. Rad1 Qf7 25. Nc4 Bc7 26. b3 f4 27. gxf4 Qh5 28. Rxd8+ Rxd8 29. Nxe5 Bxe5 30. fxe5 Bxf3 31. Qf2 Rf8 32. Qg3 Bd5 33. Rf1 Rxf1+ 34. Kxf1 Qd1+ 35. Kf2 Qc2+ 36. Ke1 Qxc3+ 37. Bd2 Qa1+ 38. Ke2 Qxa2 39. b4 Qc4+ 40. Kf2 Qd4+ 41. Qe3 Qh4+ 42. Qg3 Qe4 43. Qf4 Qd3 44. Qe3 Qc2 45. Qc3 Qf5+ 46. Ke1 Qe4+ 47. Qe3 Qh1+ 48. Ke2 Qxh2+ 49. Kd3 Qh5 50. Kd4 Qg6 51. Kxd5 Qe8 52. e6 Qb5+ 53. Kd6 Qb8+ 54. Kc6 Qc8+ 55. Kb6 Qd8+ 56. Kxa6 Qd6+ 57. Kb5 Qd5+ 58. Ka4 Qa2+ 59. Kb5 Qd5+ 60. Kb6 Qd6+ 61. Kb7 Qd5+ 62. Kc7 Qc4+ 63. Kd6 Qa6+ 64. Kc5 Qa7+ 65. Kc4 Qa2+ 66. Kd3 Qd5+ 67. Ke2 Qg2+ 68. Ke1 Qh1+ 69. Kf2 Qh2+ 70. Kf3 Qh3+ 71. Ke4 Qxe6+ 72. Kd4 Qb6+ 73. Kc3 Qc6+ 74. Kb2 h5 75. Qd4 Qg2 76. Kb3 Qg4 77. Qxg4 hxg4 78. b5 1-0


[Site "https://www.chess.com"]

[Event "Titled Tuesday Blitz November 07 Early 2023"]
[White "Korchmar, Vasiliy"]
[Black "Kovalev, Vladislav"]
[WhiteFideId "24131750"]
[BlackFideId "13504398"]
[WhiteElo "2750"]
[BlackElo "2925"]
[Result "0-1"]
[Round "6"]
[TimeControl "180+1"]
[Date "2023.11.07"]
[WhiteClock "0:00:00"]
[BlackClock "0:00:03"]
[Board "18"]

1. e4 e5 2. Nf3 Nc6 3. Nc3 Nf6 4. Bb5 Bc5 5. Nxe5 Nxe5 6. d4 Bd6 7. f4 Nc6 8. e5 Bb4 9. O-O Bxc3 10. bxc3 d5 11. exf6 Qxf6 12. Qf3 O-O 13. Qxd5 Bf5 14. Bxc6 bxc6 15. Qe5 Qg6 16. Qe3 Rfe8 17. Qg3 Bxc2 18. Ba3 Qxg3 19. hxg3 f5 20. Rfe1 Be4 21. Bc5 a6 22. Re2 Rab8 23. Rae1 h5 24. Kf2 Kf7 25. Ba3 Rb5 26. Bc5 Reb8 27. Rd2 Ke6 28. c4 Rb2 29. d5+ cxd5 30. cxd5+ Kd7 31. Ree2 Rxd2 32. Rxd2 Rb5 33. Bd4 g6 34. Rb2 Rxb2+ 35. Bxb2 Bxd5 36. a3 Kc6 37. Ke3 Kc5 38. Kd3 Bxg2 39. Bf6 c6 40. Kc3 Kd5 41. Bh4 Bf1 42. Bg5 Bb5 43. Bh4 c5 44. Be7 Bc6 45. Bh4 Bd7 46. Be7 Be6 47. Bh4 Ke4 48. Be7 Kf3 49. Bh4 Bd5 50. Kd3 Kg4 51. Ke3 Be6 52. Kd3 g5 53. fxg5 f4 54. gxf4 Kxh4 0-1


[Site "https://www.chess.com"]

[Event "Titled Tuesday Blitz November 07 Early 2023"]
[White "Llorente Zaro, Alfonso"]
[Black "Kukhmazov, Arsen"]
[WhiteFideId "2254131"]
[BlackFideId "24108260"]
[WhiteElo "2748"]
[BlackElo "2912"]
[Result "0-1"]
[Round "6"]
[TimeControl "180+1"]
[Date "2023.11.07"]
[WhiteClock "0:00:00"]
[BlackClock "0:00:02"]
[Board "19"]

1. e4 c6 2. Nf3 d5 3. d3 dxe4 4. dxe4 Qxd1+ 5. Kxd1 Nf6 6. Nbd2 Nbd7 7. Ne1 Ng4 8. Nd3 g6 9. Be2 h5 10. Nc4 Bg7 11. Bf4 b5 12. Na5 c5 13. f3 Ngf6 14. c4 bxc4 15. Nxc4 Ba6 16. Nde5 Nb6 17. Na5 Bxe2+ 18. Kxe2 Nfd7 19. Nxd7 Kxd7 20. Rhd1+ Ke6 21. Rac1 Rac8 22. b3 Bd4 23. Rc2 f6 24. Be3 Bxe3 25. Kxe3 Rc7 26. Nc4 Rhc8 27. g3 g5 28. f4 gxf4+ 29. gxf4 Rg8 30. Kf3 Nd7 31. Ne3 Nb6 32. Rdc1 Rgc8 33. Nf5 Kf7 34. Rg1 c4 35. Rg7+ Ke6 36. Nd4+ Kd7 37. b4 c3 38. Nf5 Re8 39. Ke2 Na4 40. Kd3 Kc8 41. Nd4 Rd8 42. Ke3 Rcd7 43. Ne6 Rd3+ 44. Ke2 Rd2+ 45. Rxd2 Rxd2+ 46. Ke1 Rxh2 47. Kd1 c2+ 48. Kc1 Nc3 49. Rg8+ Kb7 50. Nc5+ Kc7 51. Kb2 Nxa2 52. Ne6+ Kd6 0-1


[Site "https://www.chess.com"]

[Event "Titled Tuesday Blitz November 07 Early 2023"]
[White "Sethuraman, S.P."]
[Black "Timerkhanov, Alexander"]
[WhiteFideId "5021596"]
[BlackFideId "24177938"]
[WhiteElo "2901"]
[BlackElo "2742"]
[Result "1-0"]
[Round "6"]
[TimeControl "180+1"]
[Date "2023.11.07"]
[WhiteClock "0:00:20"]
[BlackClock "0:00:23"]
[Board "20"]

1. d4 d5 2. c4 c6 3. Nf3 Nf6 4. e3 a6 5. Nc3 Bf5 6. Be2 e6 7. Nh4 Bg6 8. Nxg6 hxg6 9. Bd2 Bd6 10. h3 Nbd7 11. Qc2 Qe7 12. O-O-O dxc4 13. e4 e5 14. dxe5 Nxe5 15. f4 Nd3+ 16. Bxd3 cxd3 17. Qxd3 Bb4 18. Rhe1 O-O 19. Qf3 Rfe8 20. e5 Bxc3 21. Bxc3 Nd5 22. Bd2 a5 23. h4 a4 24. a3 Ra6 25. h5 Rb6 26. hxg6 fxg6 27. Qe4 Qc5+ 28. Qc2 Qb5 29. Re4 Rd8 30. e6 Re8 31. Re5 Qb3 32. g4 Qxc2+ 33. Kxc2 Rb5 34. Rde1 Nc7 35. Rxb5 Nxb5 36. Bc3 Nxc3 37. Kxc3 Kf8 38. f5 gxf5 39. gxf5 Ke7 40. Rd1 Kf6 41. Rd7 b5 42. Rf7+ Kg5 43. Kd4 g6 44. Ke5 gxf5 45. Rxf5+ Kg6 46. Rf6+ Kg7 47. Rf7+ Kg6 48. Rc7 Rd8 49. e7 Rh8 50. Ke6 1-0


[Site "https://www.chess.com"]

[Event "Titled Tuesday Blitz November 07 Early 2023"]
[White "Preotu, Razvan"]
[Black "Melkumyan, Hrant"]
[WhiteFideId "2613280"]
[BlackFideId "13302485"]
[WhiteElo "2740"]
[BlackElo "2891"]
[Result "0-1"]
[Round "6"]
[TimeControl "180+1"]
[Date "2023.11.07"]
[WhiteClock "0:00:00"]
[BlackClock "0:00:34"]
[Board "21"]

1. e4 e5 2. Nf3 Nc6 3. Bc4 Nf6 4. d3 Be7 5. O-O O-O 6. Re1 d6 7. a4 Na5 8. Ba2 c5 9. c3 Nc6 10. Na3 Be6 11. Bxe6 fxe6 12. Nc4 Nd7 13. Bd2 Qe8 14. b4 Qg6 15. b5 Nd8 16. d4 exd4 17. cxd4 cxd4 18. Nxd4 Nc5 19. Qe2 Nf7 20. Bb4 Rac8 21. Na5 Ng5 22. Kh1 Bf6 23. Rad1 Be5 24. Bxc5 dxc5 25. Nc2 Qh6 26. g3 Nf3 27. h4 Nxh4 28. Qg4 Nf3+ 29. Kg2 Qh2+ 30. Kf1 Nd4 0-1


[Site "https://www.chess.com"]

[Event "Titled Tuesday Blitz November 07 Early 2023"]
[White "Smirnov, Pavel"]
[Black "Steinberg, Nitzan"]
[WhiteFideId "4123425"]
[BlackFideId "2801795"]
[WhiteElo "2734"]
[BlackElo "2890"]
[Result "0-1"]
[Round "6"]
[TimeControl "180+1"]
[Date "2023.11.07"]
[WhiteClock "0:00:00"]
[BlackClock "0:00:04"]
[Board "22"]

1. d4 d5 2. c4 e6 3. Nf3 Nf6 4. g3 Bb4+ 5. Bd2 Bd6 6. Bg2 c6 7. Bc3 Ne4 8. Nbd2 Nxc3 9. bxc3 O-O 10. e4 Nd7 11. O-O dxe4 12. Nxe4 Be7 13. Qe2 Qa5 14. Rab1 Nf6 15. Nxf6+ Bxf6 16. Rb3 Rb8 17. Nd2 Qxa2 18. Rfb1 Qa5 19. Bxc6 Qc7 20. Bg2 b6 21. c5 Bd7 22. Ne4 Be7 23. cxb6 Rxb6 24. Rxb6 axb6 25. c4 Rc8 26. c5 bxc5 27. Rb7 Qxb7 28. Nf6+ Bxf6 29. Bxb7 Rb8 30. Qa6 cxd4 31. Be4 g6 32. h4 h5 33. Qd6 Rd8 34. Qf4 Kg7 35. Qc7 Ba4 36. Qc4 Bd1 37. Qd3 Ba4 38. Qa6 Bb3 39. Qd3 Ba4 40. Qa6 Be8 41. Qd3 Rb8 42. Qf3 Bb5 43. g4 hxg4 44. Qxg4 Rh8 45. Qd1 Rxh4 46. f3 Bd7 47. Qb1 Rh8 48. Qb7 Rd8 49. Qc7 Bb5 50. Qb7 Be2 51. Bxg6 Kxg6 52. Qe4+ Kg7 53. Qxe2 d3 54. Qd2 Rd5 55. Kg2 Kf8 56. f4 Bc3 57. Qxc3 d2 58. Qc8+ Kg7 59. Qc3+ Kg8 60. Qc8+ Kg7 61. Qc3+ f6 62. Qc7+ Kh6 63. Qf7 d1=Q 64. Qxf6+ Kh5 65. Qf7+ Kg4 66. Qxe6+ Kxf4 0-1


[Site "https://www.chess.com"]

[Event "Titled Tuesday Blitz November 07 Early 2023"]
[White "Rakotomaharo, Fy Antenaina"]
[Black "Mikaelyan, Arman"]
[WhiteFideId "13100050"]
[BlackFideId "13304852"]
[WhiteElo "2723"]
[BlackElo "2885"]
[Result "1-0"]
[Round "6"]
[TimeControl "180+1"]
[Date "2023.11.07"]
[WhiteClock "0:00:26"]
[BlackClock "0:00:00"]
[Board "23"]

1. d4 Nf6 2. Nf3 b6 3. Bg5 Bb7 4. Nbd2 e6 5. e4 h6 6. Bxf6 Qxf6 7. c3 g5 8. Bd3 Bg7 9. Qe2 Qe7 10. Nf1 g4 11. N3d2 h5 12. h3 c5 13. dxc5 gxh3 14. Rxh3 Qxc5 15. Ne3 Nc6 16. Nb3 Qe7 17. Rxh5 Rxh5 18. Qxh5 O-O-O 19. O-O-O Ne5 20. Qe2 Qg5 21. Ba6 Bh6 22. Kb1 Qg6 23. Bxb7+ Kxb7 24. Nc2 Qxg2 25. Qb5 Nc6 26. Nc5+ Kc7 27. Nb4 bxc5 28. Na6+ Kc8 29. Nxc5 Na5 30. Qa6+ Kb8 31. Qxa5 Rc8 32. Qb5+ 1-0


[Site "https://www.chess.com"]

[Event "Titled Tuesday Blitz November 07 Early 2023"]
[White "Kazakouski, Valery"]
[Black "De Silva, L M S T"]
[WhiteFideId "13507443"]
[BlackFideId "9953698"]
[WhiteElo "2883"]
[BlackElo "2722"]
[Result "1-0"]
[Round "6"]
[TimeControl "180+1"]
[Date "2023.11.07"]
[WhiteClock "0:01:09"]
[BlackClock "0:00:29"]
[Board "24"]

1. Nf3 Nf6 2. c4 e6 3. g3 d5 4. Bg2 d4 5. e3 c5 6. exd4 cxd4 7. O-O Nc6 8. d3 h6 9. Bd2 a5 10. Na3 Be7 11. Re1 O-O 12. Nc2 Rb8 13. Ne5 Nxe5 14. Rxe5 b6 15. a3 Bb7 16. b4 Bxg2 17. Kxg2 Nd7 18. Rb5 axb4 19. Nxd4 Ne5 20. Bf4 Bc5 21. Bxe5 Bxd4 22. Bxb8 Bxa1 23. Qxa1 Qxb8 24. axb4 Qb7+ 25. Kg1 Rd8 26. c5 Rxd3 27. Rxb6 Qd7 28. Qa8+ Kh7 29. Qe4+ g6 30. Rb7 Rd1+ 31. Kg2 Qe8 32. Qf3 1-0


[Site "https://www.chess.com"]

[Event "Titled Tuesday Blitz November 07 Early 2023"]
[White "GaiozNigalidze"]
[Black "Henriquez Villagra, Cristobal"]
[BlackFideId "3409350"]
[WhiteElo "2714"]
[BlackElo "2872"]
[Result "1-0"]
[Round "6"]
[TimeControl "180+1"]
[Date "2023.11.07"]
[WhiteClock "0:00:18"]
[BlackClock "0:00:02"]
[Board "25"]

1. d4 d5 2. c4 e6 3. cxd5 exd5 4. Nc3 c6 5. Bf4 Bf5 6. e3 Nf6 7. Bd3 Bg6 8. Nf3 Bd6 9. Bxd6 Qxd6 10. O-O Nbd7 11. Rc1 Ne4 12. Bxe4 dxe4 13. Nd2 Nf6 14. Nc4 Qe7 15. Ne5 O-O 16. Qb3 Rfd8 17. Rfd1 Nd5 18. Nxd5 Rxd5 19. Rxc6 Rad8 20. Rcc1 Bh5 21. Re1 g5 22. Rc8 Kg7 23. Rxd8 Rxd8 24. g4 Bg6 25. Rc1 Rd6 26. Qc3 Rb6 27. b3 Qb4 28. Qxb4 Rxb4 29. Rc7 a5 30. Nxg6 hxg6 31. Re7 a4 32. bxa4 Rxa4 33. Rxe4 Rxa2 34. Re5 Rb2 35. Rxg5 b5 36. Rc5 b4 37. g5 Kf8 38. Rb5 Ke7 39. Kf1 Rb1+ 40. Ke2 b3 41. Kf3 b2 42. h4 Kd6 43. Kf4 Kc6 44. Rb4 Kd5 45. f3 Kd6 46. e4 Ke6 47. Rb6+ Kd7 48. Ke5 Ke7 49. f4 Kd7 50. d5 Kc7 51. Rb3 Kd7 52. Rb7+ Kc8 53. Rb4 Kd7 54. d6 Kc6 55. Rb3 Kd7 56. Rb7+ Kc8 57. Rb3 Kd7 58. h5 gxh5 59. f5 h4 60. g6 fxg6 61. fxg6 h3 62. g7 Rg1 63. Rxb2 Rg5+ 64. Kf6 Rg1 65. Kf7 Rf1+ 66. Kg8 1-0


[Site "https://www.chess.com"]

[Event "Titled Tuesday Blitz November 07 Early 2023"]
[White "Malek, Jan"]
[Black "Alexandre, Anne Shopie Elizabeth"]
[WhiteFideId "21864080"]
[BlackFideId "11902418"]
[WhiteElo "2706"]
[BlackElo "2866"]
[Result "1-0"]
[Round "6"]
[TimeControl "180+1"]
[Date "2023.11.07"]
[WhiteClock "0:00:03"]
[BlackClock "0:00:24"]
[Board "26"]

1. d4 Nf6 2. Nf3 d5 3. Bf4 c5 4. e3 Nc6 5. Nbd2 Nh5 6. dxc5 Nxf4 7. exf4 Qa5 8. Bd3 Qxc5 9. c3 g6 10. O-O Bg7 11. Nb3 Qb6 12. Re1 O-O 13. Qd2 Rd8 14. Ne5 e6 15. Rad1 Bd7 16. h4 a5 17. h5 a4 18. Nd4 Nxd4 19. cxd4 a3 20. hxg6 hxg6 21. b3 Be8 22. Qe3 Rac8 23. Rc1 Qd6 24. g3 Kf8 25. Kg2 Qb4 26. Rh1 Rc3 27. Rxc3 Qxc3 28. Rc1 Qb4 29. Rc7 b6 30. Be2 Qd6 31. Qc3 Bf6 32. Rb7 Rb8 33. Rc7 b5 34. Rc8 b4 35. Qc2 Rxc8 36. Qxc8 Qd8 37. Qc5+ Be7 38. Qc2 Bd6 39. Nd3 Qb6 40. Nc5 Kg7 41. Kf3 Be7 42. Ke3 f6 43. Qd2 e5 44. Kf3 exd4 45. Nd3 Bb5 46. Kg2 Qc7 47. Ne1 Be8 48. Qxd4 Qc1 49. Qd1 Qb2 50. Bf3 Qxa2 51. Qxd5 Qb1 52. Qe6 Kf8 53. Bd5 1-0


[Site "https://www.chess.com"]

[Event "Titled Tuesday Blitz November 07 Early 2023"]
[White "Arifarsky"]
[Black "Kravtsiv, Martyn"]
[BlackFideId "14113147"]
[WhiteElo "2686"]
[BlackElo "2865"]
[Result "1-0"]
[Round "6"]
[TimeControl "180+1"]
[Date "2023.11.07"]
[WhiteClock "0:00:02"]
[BlackClock "0:00:00"]
[Board "27"]

1. f3 d5 2. e3 e5 3. b3 Bd6 4. Bb2 Nf6 5. c4 O-O 6. Ne2 Re8 7. cxd5 e4 8. f4 Nxd5 9. a3 Bg4 10. Qc1 Qh4+ 11. g3 Qh5 12. h3 Bf3 13. Rg1 Nc6 14. Nbc3 Rad8 15. Nxd5 Qxd5 16. Nd4 Nxd4 17. Bxd4 c5 18. Bb2 Qxb3 19. Bc4 Qa4 20. Qc3 Bf8 21. g4 b5 22. Bb3 Qa6 23. a4 Qh6 24. Rg3 Rd3 25. Qc2 c4 26. Ba2 a6 27. axb5 axb5 28. Bc3 Red8 29. Kf2 Qc6 30. Rb1 b4 31. Rxb4 Bxb4 32. Bxb4 Rc8 33. Bc3 Qb5 34. g5 g6 35. h4 Ra8 36. Rg1 Qa4 37. Qxa4 Rxa4 38. Bb1 Rd5 39. Rc1 Rb5 40. Ke1 Ra3 41. Bc2 h5 42. Bd1 Bxd1 43. Kxd1 Ra2 44. Ke2 Rd5 45. Rb1 Rd7 46. Rb8+ 1-0


[Site "https://www.chess.com"]

[Event "Titled Tuesday Blitz November 07 Early 2023"]
[White "Nenezic, Marko"]
[Black "Jakubowski, Krzysztof"]
[WhiteFideId "912123"]
[BlackFideId "1112848"]
[WhiteElo "2862"]
[BlackElo "2681"]
[Result "1/2-1/2"]
[Round "6"]
[TimeControl "180+1"]
[Date "2023.11.07"]
[WhiteClock "0:00:16"]
[BlackClock "0:00:16"]
[Board "28"]

1. d4 Nf6 2. c4 e6 3. Nc3 Bb4 4. e3 O-O 5. a3 Bxc3+ 6. bxc3 d5 7. cxd5 exd5 8. Bd3 c5 9. Ne2 Nc6 10. O-O Re8 11. f3 h6 12. a4 cxd4 13. cxd4 Bd7 14. Bd2 Rc8 15. Rb1 b6 16. Nf4 Ne7 17. Ba6 Rc7 18. Qb3 Bf5 19. Rbc1 Rxc1 20. Rxc1 Ng6 21. Nd3 Nh4 22. Ne5 Ng6 23. Nxg6 Bxg6 24. Qc3 Qd6 25. Bb5 Rf8 26. Qb4 Qe6 27. Rc6 Qf5 28. Rc7 a5 29. Qb2 h5 30. h4 Rd8 31. Rc6 Rb8 32. Qc1 Nh7 33. Ba6 Nf8 34. Qb2 Ne6 35. Bf1 Qf6 36. Be1 Kh7 37. Bg3 Re8 38. Qxb6 Qf5 39. Qb2 Nd8 40. Rc3 Ne6 41. Qf2 Qb1 42. Kh2 Rb8 43. Bxb8 Qxb8+ 44. g3 Qb4 45. Qd2 Qxa4 46. Bd3 Qb4 47. Bxg6+ fxg6 48. Qc2 a4 49. Rc6 Nf8 50. Ra6 a3 51. Qa2 Qc3 52. Rxa3 Qe1 53. Qg2 Nd7 54. e4 dxe4 55. fxe4 Nf6 56. Ra2 Qc1 57. e5 Ng4+ 58. Kh3 Qe3 59. Qe2 Qxd4 60. e6 Qd5 61. Ra1 Qf5 62. Kg2 Qd5+ 63. Kg1 Qf5 64. Re1 Qc5+ 65. Kg2 Qc6+ 66. Kh3 Qc3 67. e7 Nf6 68. e8=Q Nxe8 69. Qxe8 Qf3 70. Qe2 Qf5+ 71. Kh2 Qd5 72. Rf1 Qc6 73. Qf2 Qd5 74. Re1 Qc6 75. Rd1 Qe4 76. Rd7 Qc6 77. Qd2 Qe6 78. Qd4 Qe2+ 79. Kg1 Qe1+ 80. Kg2 Qe2+ 81. Qf2 Qe4+ 82. Qf3 Qc2+ 83. Qf2 Qc6+ 84. Kh2 Qxd7 85. Qe3 Qf5 86. Qd2 Qe4 87. Qc1 Qe5 88. Qd2 Qf5 89. Kg2 Kg8 90. Kh2 Qe4 91. Qd8+ Kf7 92. Qd2 Ke6 93. Qa2+ Ke5 94. Qb2+ Qd4 95. Qe2+ Kf5 96. Qf3+ Ke5 97. Qc6 Qe4 98. Qc7+ Kd4 99. Qxg7+ Kd3 100. Qf6 Ke2 101. Kg1 Qe3+ 102. Kg2 Qe4+ 103. Kg1 Qe3+ 104. Kg2 Qe4+ 105. Kh2 Ke3 106. Qc3+ Kf2 107. Qc5+ Qe3 108. Qc2+ Qe2 109. Qc6 Kf1+ 110. Kh3 Qg4+ 111. Kh2 Qe2+ 112. Kh3 Qg4+ 113. Kh2 Ke1 114. Qh1+ Ke2 115. Qg2+ Ke3 116. Qg1+ Kd3 117. Qf1+ Qe2+ 118. Qxe2+ Kxe2 119. g4 Kf3 120. gxh5 gxh5 121. Kg1 Kf4 122. Kh1 Kg4 123. Kg2 Kxh4 124. Kh2 Kg4 125. Kg2 h4 126. Kh2 h3 127. Kg1 Kg3 128. Kh1 h2 1/2-1/2


[Site "https://www.chess.com"]

[Event "Titled Tuesday Blitz November 07 Early 2023"]
[White "Kamsky, Gata"]
[Black "Borgaonkar Akshay"]
[WhiteFideId "2000024"]
[BlackFideId "25639110"]
[WhiteElo "2852"]
[BlackElo "2674"]
[Result "1-0"]
[Round "6"]
[TimeControl "180+1"]
[Date "2023.11.07"]
[WhiteClock "0:01:17"]
[BlackClock "0:01:12"]
[Board "29"]

1. d4 Nf6 2. Bf4 g6 3. c3 Bg7 4. Nf3 O-O 5. h3 d6 6. e3 c5 7. dxc5 dxc5 8. Qxd8 Rxd8 9. Nbd2 Nc6 10. Bc7 Rd7 11. Bh2 b6 12. Bb5 Bb7 13. Nc4 Rdd8 14. a4 Ne4 15. O-O Nd6 16. Bxd6 exd6 17. a5 Nxa5 18. Nxa5 bxa5 19. Rxa5 Bxf3 20. gxf3 Rab8 21. Rd1 d5 22. c4 dxc4 23. Rxd8+ Rxd8 24. Bxc4 Bxb2 25. Rxa7 Rf8 26. Rc7 Ba3 27. e4 h5 28. Kg2 Kg7 29. f4 Kf6 30. Kf3 Kg7 31. e5 Kg8 32. f5 gxf5 33. Kf4 Bb2 34. Kxf5 Bd4 35. f4 Be3 36. Rd7 Bd4 37. Kf6 Kh7 38. Rxf7+ Rxf7+ 39. Kxf7 Kh6 40. e6 1-0


[Site "https://www.chess.com"]